 Dungeon Crawl Stone Soup version 0.28.0-53-g5a82cb258f (webtiles) character file.

Game seed: 7255403545197403105

226 raph the Shooter (level 5, -2/46 HPs)
             Began as a Minotaur Hunter on June 20, 2022.
             Slain by Pikel
             ... wielding a +0 whip of flaming
              (6 damage)
             ... on level 4 of the Dungeon.
             The game lasted 00:06:43 (4345 turns).

raph the Shooter (Minotaur Hunter)                  Turns: 4345, Time: 00:06:44

Health: -2/46      AC:  9    Str: 16    XL:     5   Next: 69%
Magic:  4/4        EV: 11    Int:  8    God:
Gold:   14         SH:  0    Dex: 13    Spells: 4/4 levels left

rFire   . . .      SeeInvis .   b - +0 short sword
rCold   . . .      Faith    .   (no shield)
rNeg    . . .      Spirit   .   f - +1 ring mail
rPois   .          Reflect  .   (helmet restricted)
rElec   .          Harm     .   j - +0 cloak
rCorr   .          Rampage  .   l - +1 pair of gloves
Will    .....                   (no boots)
Stlth   +.........              (no amulet)
HPRegen 0.15/turn               (no ring)
MPRegen 0.09/turn               (no ring)

@: attractive
A: horns 2, retaliatory headbutt
a: no special abilities


You were on level 4 of the Dungeon.
You visited 1 branch of the dungeon, and saw 4 of its levels.

You collected 163 gold pieces.
You spent 149 gold pieces at shops.

Inventory:

Hand Weapons
 a - a +2 shortbow
 b - a +0 short sword (weapon)
Missiles
 d - 6 arrows
Armour
 c - a +0 leather armour
 e - a scarf of resistance
 f - a +1 ring mail (worn)
 j - a +0 cloak (worn)
 k - a +0 chain mail
 l - a +1 pair of gloves (worn)
Wands
 h - a wand of iceblast (20)
Potions
 i - 3 potions of curing


   Skills:
 + Level 4.1 Fighting
 + Level 5.4 Bows
 + Level 3.7 Dodging
 + Level 2.5 Stealth


You had 4 spell levels left.
You didn't know any spells.
Your spell library contained the following spells:

 Spells                   Type           Power      Damage    Failure   Level
 Dazzling Flash           Conj/Hex       0%         N/A       94%         3
 Summon Guardian Golem    Hex/Summ       0%         N/A       94%         3
 Iskenderun's Mystic Bla  Conj/Tloc      0%         2d3       100%        4
 Starburst                Conj/Fire      0%         6d3       100%        6
 Orb of Destruction       Conj           0%         9d5       100%        7
 Spellforged Servitor     Conj/Summ      0%         N/A       100%        7


Dungeon Overview and Level Annotations

Branches:
Dungeon (4/15)
 Temple: D:4-7

Altars:

Shops:
D:3 [

Annotations:
D:3 1 runed translucent door, Ashen's ghost, amateur OgWz
D:4 Pikel


Innate Abilities, Weirdness & Mutations

You have a pair of horns on your head.
You reflexively headbutt those who attack you in melee.


Message History

* * * LOW HITPOINT WARNING * * *
Okay, then.
You closely miss Pikel.
Pikel is severely wounded.
Pikel barely misses you. You furiously retaliate!
You headbutt Pikel, but do no damage. You hit Pikel but do no damage.
Pikel is severely wounded.
Pikel hits you but does no damage.
It was a potion of attraction.
You feel attractive to monsters. Pikel barely misses you.
You hit Pikel but do no damage.
Pikel is severely wounded.
Pikel barely misses you.
You barely miss Pikel. You punch Pikel, but do no damage.
Pikel is severely wounded.
Pikel hits you but does no damage.
You hit Pikel.
Pikel is severely wounded.
Pikel closely misses you.
You hit Pikel but do no damage.
Pikel is severely wounded.
Pikel hits you with a +0 whip of flaming.
* * * LOW HITPOINT WARNING * * *
Pikel burns you.
* * * LOW HITPOINT WARNING * * *
You completely miss Pikel.
Pikel is severely wounded.
Pikel hits you but does no damage.
You hit Pikel. You headbutt Pikel.
Pikel is almost dead.
Pikel barely misses you.
You hit Pikel.
Pikel is almost dead.
Pikel closely misses you.
You barely miss Pikel. Your headbutt misses Pikel.
Pikel is almost dead.
Pikel hits you with a +0 whip of flaming.
You die...

.>(.#......######...####
#(....................
#.(.................).
#(.(................)<
....#.....######...>.###
.. ##...## ##.#...#.##
##5## #.......#.# #K#
##.#.....## #@#
#......### #...#
#.#....... .....#
#.##.#.##. .......#
#.####.##[ #########
##......##.
#...............
#.#####..###.#..
#......... #..#......


You could see Pikel and a lemure.

Vanquished Creatures
  3 lemures
  A hound (D:4)
  An orc priest (D:3)
  An orc wizard (D:4)
  A killer bee zombie (D:4)
  2 adders (D:3)
  An adder skeleton (D:4)
  2 worms
  A dart slug (D:1)
  11 orcs
  6 ball pythons
  5 endoplasms
  7 giant cockroaches
  7 goblins
  4 hobgoblins
  3 jackals (D:2)
  6 quokkas
  A bat (D:2)
  3 frilled lizards
  7 kobolds
  8 rats
81 creatures vanquished.

Notes
Turn   | Place    | Note
-------+----------+-------------------------------------------
     0 | D:1      | raph the Minotaur Hunter began the quest for the Orb.
     0 | D:1      | Reached XP level 1. HP: 18/18 MP: 0/0
    57 | D:1      | Reached skill level 1 in Stealth
    62 | D:1      | Reached XP level 2. HP: 14/25 MP: 1/1
   501 | D:1      | Found a faded altar of an unknown god.
   789 | D:1      | Reached XP level 3. HP: 30/31 MP: 2/2
  2033 | D:3      | Reached XP level 4. HP: 37/38 MP: 3/3
  2371 | D:3      | Found Pux Xudovui's Armour Shop.
  2488 | D:3      | Noticed Ashen's ghost (amateur OgWz)
  2490 | D:3      | Found a runed translucent door.
  2520 | D:3      | Reached skill level 5 in Bows
  3055 | D:4      | Noticed a lemure
  3091 | D:4      | Killed a lemure
  3235 | D:4      | Noticed a lemure
  3238 | D:4      | Noticed a lemure
  3261 | D:4      | Killed a lemure
  3278 | D:4      | HP: 2/40 [lemure[Pikel] (1)]
  3748 | D:3      | Killed a lemure
  3751 | D:3      | Reached XP level 5. HP: 37/46 MP: 4/4
  3814 | D:3      | Bought a +1 pair of gloves for 149 gold pieces
  4108 | D:4      | Noticed Pikel
  4315 | D:4      | Noticed a lemure
  4319 | D:4      | Paralysed by Pikel for 2 turns
  4345 | D:4      | Slain by Pikel

Illustrated notes

Levels and vault maps discovered:
D:1:      dpeg_arrival_erosion, layout_basic, hellmonk_ecumenical_altar_zigzags
D:2:      layout_loops_ring
D:3:      layout_basic, hellmonk_ghost_happy_afterlife, serial_shops, shop
D:4:      layout_loops_cross, uniq_pikel

Skill      XL: |  1  2  3  4  5 |
---------------+----------------+-----
Stealth        | 1 2 |  2.5
Fighting       | 3 4 |  4.1
Dodging        | 3 |  3.7
Bows           | 5 |  5.4

Action                   |  1- 3 |  4- 6 || total
-------------------------+-------+-------++-------
Melee: Short sword       |   109 |   150 ||   259
       Headbutt          |    23 |    20 ||    43
       Punch             |     3 |     1 ||     4
 Fire: Shortbow          |     7 |    39 ||    46
  Use: Scroll            |     4 |     1 ||     5
       Potion            |       |     1 ||     1
 Stab: Distracted        |       |     1 ||     1
Armor: Leather armour    |     2 |       ||     2
       Ring mail         |    40 |    72 ||   112
Dodge: Dodged            |    66 |   105 ||   171
